Map: Torches LE

Players

SubN - Winner!

  • Race: Zerg Zerg
  • League: Diamond
  • Spawn Location: 1:00

zerg

  • Race: Protoss Protoss
  • League: Diamond
  • Spawn Location: 5:00

VOD

Have the link to the VOD?

Description

Time

  • Played on: July 26, 2025, 8:20 p.m.
  • Length: 9:29
Show
View Real Time Build Order
Export as new Build Order

SubN Zerg - Winner!

Build Orders: Pool First 

Get SALT Encoding   

  12  0:00  Drone  
  13  0:12  Overlord  
  13  0:19  Drone  
  14  0:30  Drone x2  
  16  0:42  Spawning Pool  
  15  0:45  Drone  
  15  0:49  Drone  
  17  0:52  Extractor  
  17  0:55  Drone  
  17  1:16  Hatchery  
  16  1:32  Zergling x2  
  19  1:36  Zergling x4  
  19  1:39  Queen  
  21  2:01  Roach Warren  
  21  2:03  Overlord  
  20  2:09  Drone x2  
  22  2:34  Drone x3  
  24  2:42  Drone x2  
  24  2:43  Queen  
  27  2:56  Drone x2  
  29  3:02  Zergling x2  
  29  3:03  Zergling x2  
  31  3:12  Overlord  
  31  3:13  Overlord  
  31  3:25  Roach x2  
  35  3:31  Roach  
  35  3:32  Roach x2  
  39  3:47  Drone x3  
  42  3:53  Drone  
  38  4:17  Drone x4  
  38  4:18  Drone x2  
  44  4:33  Overlord x4  
  44  4:37  Hatchery  
  44  4:38  Lair, Extractor  
  40  4:59  Drone x3  
  41  5:02  Drone x3  
  41  5:03  Drone x2  
  41  5:06  Baneling Nest  
  45  5:12  Drone x4  
  49  5:16  Drone, Extractor  
  49  5:19  Queen  
  51  5:22  Metabolic Boost  
  51  5:31  Drone x4  
  51  5:32  Drone  
  56  5:40  Drone  
  57  5:44  Hydralisk Den  
  57  5:49  Extractor  
  55  5:51  Drone  
  55  5:52  Centrifugal Hooks  
  55  5:53  Drone  
  55  5:54  Drone  
  58  6:00  Evolution Chamber x2, Queen  
  58  6:02  Overlord  
  58  6:07  Overlord  
  58  6:10  Overlord  
  58  6:14  Muscular Augments  
  58  6:29  Drone x8  
  66  6:39  Drone  
  67  6:43  Spire  
  67  6:44  Hydralisk x2  
  70  6:48  Zerg Missile Weapons Level 1  
  70  6:51  Zerg Melee Weapons Level 1  
  70  6:55  Hydralisk  
  70  6:56  Hydralisk  
  74  7:07  Hydralisk x4  
  82  7:14  Overlord x2  
  82  7:17  Overseer  
  82  7:18  Grooved Spines  
  82  7:20  Hydralisk x2  
  86  7:37  Hydralisk  
  86  7:38  Hydralisk x4  
  96  7:47  Overlord x2  
  96  7:57  Corruptor x2  
  100  8:06  Zergling x12  
  100  8:12  Corruptor  
  108  8:14  Zergling x2  
  108  8:15  Zergling x16  
  117  8:29  Zergling x18  
  118  8:50  Hatchery  
  118  8:54  Hydralisk x2  
  121  8:56  Zergling x2  
  121  8:57  Zergling x16  
Show
View Real Time Build Order
Export as new Build Order

zerg Protoss 

Build Orders: 1 Gate Expand 

Get SALT Encoding   

  12  0:01  Probe  
  13  0:13  Probe  
  14  0:25  Probe  
  15  0:30  Pylon  
  15  0:45  Probe  
  16  0:53  Probe  
  16  0:56  Gateway  
  16  1:02  Probe  
  17  1:07  Assimilator  
  17  1:10  Probe  
  19  1:18  Probe  
  20  1:29  Nexus  
  20  1:39  Probe  
  21  1:43  Cybernetics Core  
  21  1:51  Assimilator  
  21  1:52  Probe  
  22  2:02  Gateway  
  22  2:06  Pylon  
  22  2:12  Probe  
  23  2:16  Adept  
  23  2:19  Warp Gate  
  23  2:44  Adept  
  20  2:46  Adept  
  20  2:53  Probe x2  
  22  3:05  Probe x2  
  24  3:17  Probe  
  24  3:18  Probe  
  26  3:29  Probe  
  26  3:30  Probe  
  28  3:41  Probe  
  28  3:42  Probe  
  30  3:53  Probe  
  30  3:54  Probe  
  32  4:05  Probe  
  29  4:12  Probe  
  29  4:16  Stalker x2  
  32  4:20  Probe, Robotics Facility  
  32  4:21  Probe  
  32  4:23  Shield Battery  
  34  4:28  Probe  
  34  4:33  Probe  
  36  4:39  Probe  
  36  4:42  Stalker x2  
  41  4:53  Probe  
  41  4:54  Probe  
  43  5:05  Probe  
  43  5:06  Probe  
  45  5:07  Nexus  
  45  5:11  Pylon  
  45  5:13  Probe  
  46  5:23  Pylon  
  46  5:27  Assimilator  
  46  5:29  Observer, Probe, Assimilator  
  46  5:30  Probe  
  46  5:33  Pylon  
  49  5:49  Robotics Facility  
  49  5:51  Immortal  
  49  5:53  Forge  
  49  5:57  Twilight Council  
  53  6:01  Shield Battery  
  53  6:02  Probe  
  54  6:07  Probe  
  54  6:10  Probe  
  55  6:17  Robotics Bay  
  55  6:18  Probe  
  56  6:19  Probe  
  56  6:21  Probe  
  59  6:30  Probe  
  59  6:31  Probe  
  61  6:33  Probe  
  61  6:34  Immortal  
  61  6:36  Protoss Ground Weapons Level 1, Blink  
  66  6:43  Gateway, Probe  
  67  6:51  Probe x2  
  69  6:57  Probe  
  70  7:01  Stalker x2  
  70  7:03  Probe  
  75  7:12  Nexus  
  76  7:15  Probe x2  
  76  7:22  Colossus, Extended Thermal Lance  
  83  7:36  Pylon  
  83  7:41  Observer  
  83  7:49  Photon Cannon  
  83  7:50  Pylon, Probe x2  
  85  7:53  Colossus  
  85  7:54  Probe  
  85  7:57  Pylon  
  92  8:02  Probe  
  92  8:04  Probe  
  93  8:08  Photon Cannon  
  93  8:09  Gateway  
  93  8:12  Gateway, Pylon  
  93  8:14  Probe  
  93  8:16  Probe  
  93  8:19  Probe  
  96  8:20  Colossus  
  96  8:26  Gateway  
  102  8:28  Gateway  
  102  8:37  Stalker x3  
  108  8:47  Probe  
  108  8:48  Probe  
Tags
 
Add a new tag
Caveats
  • Supply blocks, unpowered buildings, or Contaminate may cause inaccurate times.
  • Supply counts are checked every 10 seconds.